 Dungeon Crawl Stone Soup version 0.25-a0-1133-g93ebf73 (webtiles) character file.

Game seed: 9992511155679136406, levelgen mode: deterministic

452 Ayyar the Chopper (level 7, -2/61 HPs)
             Began as a Hill Orc Monk on May 21, 2020.
             Was a Believer of Beogh.
             Slain by a water moccasin (6 damage)
             ... on level 5 of the Dungeon.
             The game lasted 00:17:13 (5473 turns).

Ayyar the Chopper (Hill Orc Monk)                   Turns: 5473, Time: 00:17:14

Health: -2/61      AC:  5    Str: 16    XL:     7   Next: 4%
Magic:  7/7        EV: 12    Int: 10    God:    Beogh [**....]
Gold:   363        SH:  0    Dex: 13    Spells: 6/6 levels left

rFire    . . .     SeeInvis .   z - +0 war axe
rCold    . . .     Gourm    .   (no shield)
rNeg     . . .     Faith    .   d - +0 ring mail
rPois    .         Spirit   .   (no helmet)
rElec    .         Reflect  .   j - scarf {repulsion}
rCorr    .         Harm     .   (no gloves)
MR       .....                  (no boots)
Stlth    +.........             (no amulet)
HPRegen  0.20/turn              (no ring)
MPRegen  0.10/turn              (no ring)

@: lethally poisoned (-2 -> -16), repel missiles
A: no striking features
a: Smiting, Renounce Religion


You were on level 5 of the Dungeon.
You worshipped Beogh.
Beogh was pleased with you.
You were not hungry.

You visited 1 branch of the dungeon, and saw 5 of its levels.

You collected 363 gold pieces.

Inventory:

Hand Weapons
 a - a +0 arbalest
 z - a +0 war axe (weapon)
Missiles
 e - 41 poisoned darts (quivered)
Armour
 b - a cursed +0 plate armour
 d - a +0 ring mail (worn)
 j - a scarf of repulsion (worn)
Jewellery
 k - an uncursed ring of magical power
 n - an uncursed ring of magical power
 v - a +4 ring of evasion {unknown}
Wands
 x - a wand of random effects (22)
Scrolls
 f - 9 scrolls of identify
 g - 2 scrolls of enchant armour {unknown}
 h - 2 scrolls of enchant weapon {unknown}
 i - a scroll of remove curse {unknown}
 l - 2 scrolls of fog {unknown}
 o - a scroll of blinking {unknown}
 q - 2 scrolls of teleportation {unknown}
 u - a scroll of amnesia {unknown}
 y - a scroll of noise {unknown}
Potions
 m - 3 potions of curing {unknown}
 p - 3 potions of mutation {unknown}
 r - 2 potions of ambrosia {unknown}
 s - a potion of haste {unknown}
 t - a potion of berserk rage {unknown}
 w - a potion of flight {unknown}
 A - a potion of brilliance {unknown}
Comestibles
 c - 10 rations
 B - 4 chunks of flesh


   Skills:
 + Level 5.5 Fighting
 * Level 7.6 Axes
 + Level 2.2 Throwing
 - Level 3.0 Dodging
 - Level 2.0 Stealth


You had 6 spell levels left.
You didn't know any spells.
Your spell library was empty.

Dungeon Overview and Level Annotations

Branches:
Dungeon (5/15)
 Temple: D:4-7

Altars:
Ashenzari
Elyvilon
Fedhas
Qazlal
Uskayaw
Vehumet
Xom
Zin


Message History

You closely miss the water moccasin.
The water moccasin is severely wounded.
You feel sick. The water moccasin barely misses you.
The water moccasin bites you.
You completely miss the water moccasin.
The water moccasin is severely wounded.
The water moccasin bites you!
You feel sick. The water moccasin bites you.
* * * LOW HITPOINT WARNING * * *
The water moccasin bites you.
* * * LOW HITPOINT WARNING * * *
You are lethally poisoned!
The water moccasin poisons you!
You slash the water moccasin!
The water moccasin is almost dead.
* * * LOW HITPOINT WARNING * * *
You feel sick. The water moccasin bites you!
* * * LOW HITPOINT WARNING * * *
The water moccasin bites you.
You die...

#......##
#.......#
#.......##
#........#
#......#.#
#........#
#..####..#
###..# #..
#..@.# ..
#.S### #..#Z.#
#....#........
#.#####.......
#. ....... #
..._...
.......
.......


You could see a water moccasin.

Vanquished Creatures
  2 ogres (D:4)
  2 hounds
  An orc wizard (D:4)
  Jessica (D:3)
  A worker ant (D:4)
  4 adders
  2 oozes (D:1)
  2 worms
  4 dart slugs
  3 leopard geckos (D:1)
  6 orcs
  7 bats
  3 giant cockroaches
  6 goblins
  9 hobgoblins
  3 jackals (D:1)
  11 kobolds
  3 quokkas
  6 ball pythons (D:2)
  9 frilled lizards
  7 rats
92 creatures vanquished.

Notes
Turn   | Place    | Note
-------+----------+-------------------------------------------
     0 | D:1      | Ayyar the Hill Orc Monk began the quest for the Orb.
     0 | D:1      | Reached XP level 1. HP: 19/19 MP: 1/1
   375 | D:1      | Reached XP level 2. HP: 27/27 MP: 2/2
   824 | D:1      | Reached XP level 3. HP: 33/33 MP: 3/3
  1296 | D:1      | You fall into a shaft and drop 1 floor!
  1366 | D:2      | Reached skill level 5 in Axes
  1509 | D:2      | Reached XP level 4. HP: 40/40 MP: 4/4
  1751 | D:2      | Found a stormy altar of Qazlal.
  2607 | D:2      | Reached XP level 5. HP: 45/47 MP: 5/5
  2652 | D:3      | Found a white marble altar of Elyvilon.
  2653 | D:3      | Found a radiant altar of Vehumet.
  2654 | D:3      | Found a hide-covered altar of Uskayaw.
  2744 | D:3      | Found a glowing silver altar of Zin.
  2766 | D:3      | Noticed Jessica
  2778 | D:3      | Killed Jessica
  2934 | D:3      | Reached skill level 6 in Axes
  3856 | D:4      | Reached skill level 1 in Throwing
  4393 | D:4      | Noticed an ogre
  4442 | D:4      | Killed an ogre
  4442 | D:4      | Reached skill level 5 in Fighting
  4442 | D:4      | Reached XP level 6. HP: 18/56 MP: 6/6
  4671 | D:4      | Found a shimmering altar of Xom.
  4685 | D:4      | Reached skill level 7 in Axes
  5177 | D:5      | Entered Level 5 of the Dungeon
  5286 | D:5      | Found a blossoming altar of Fedhas.
  5453 | D:5      | Found a shattered altar of Ashenzari.
  5457 | D:5      | Noticed a water moccasin
  5462 | D:5      | Reached XP level 7. HP: 56/61 MP: 7/7
  5464 | D:5      | Became a worshipper of Beogh the Brigand
  5464 | D:5      | Reached * piety under Beogh
  5464 | D:5      | Reached ** piety under Beogh
  5473 | D:5      | Slain by a water moccasin

Illustrated notes

Levels and vault maps discovered:
D:1:      lightli_arrival_maybe_door_vault, layout_basic
D:2:      layout_basic, nicolae_qazlal_general_emergency,
          minmay_shallow_snake_nest
D:3:      layout_loops_ring, zin_scriptorium,
          gammafunk_temple_overflow_forgotten, first_ration, uniq_jessica
D:4:      layout_loops_cross, kennysheep_flooded_box
D:5:      layout_loops_ring, evilmike_ruin_ashenzari, fedhas_ov_isle_minmay

Skill      XL: |  1  2  3  4  5  6 |
---------------+-------------------+-----
Stealth        | 2 |  2.0
Fighting       | 4 5 |  5.5
Axes           | 5 6 7 |  7.6
Dodging        | 3 |  3.0
Throwing       | 1 2 |  2.2

Action                   |  1- 3 |  4- 6 |  7- 9 || total
-------------------------+-------+-------+-------++-------
Melee: Hand axe          |   138 |   167 |       ||   305
       War axe           |       |    15 |     8 ||    23
Throw: Dart              |     6 |    79 |       ||    85
Invok: Convert to Beogh  |       |       |     1 ||     1
  Use: Scroll            |       |     1 |       ||     1
 Stab: Sleeping          |     1 |       |       ||     1
  Eat: Chunk             |     2 |    11 |       ||    13
       Ration            |       |     1 |       ||     1
Armor: Leather armour    |     5 |       |       ||     5
       Ring mail         |    37 |    70 |     1 ||   108
Dodge: Dodged            |    78 |   100 |     6 ||   184
       Repelled          |       |     3 |       ||     3

Table legend:
 A = Non-vault XP
 B = Vault XP
 C = Vault XP percentage of total XP
 D = Non-vault monster count
 E = Vault monster count
 F = Vault count percentage of total count
                 A         B        C        D         E       F
            +---------+---------+-------+---------+---------+-------
      Total |     591 |      55 |   8.5 |      86 |       6 |   6.5
            +---------+---------+-------+---------+---------+-------
        D:1 |      75 |       0 |   0.0 |      34 |       0 |   0.0
        D:2 |      73 |      18 |  19.8 |      28 |       5 |  15.2
        D:3 |      15 |      37 |  71.2 |       6 |       1 |  14.3
        D:4 |     373 |       0 |   0.0 |      13 |       0 |   0.0
        D:5 |      55 |       0 |   0.0 |       5 |       0 |   0.0
            +---------+---------+-------+---------+---------+-------
